 Dungeon Crawl Stone Soup version 0.21-a0-394-gdc75ea7 (webtiles) character file.

519 Spoonicorn the Chopper (level 7, -5/61 HPs)
             Began as a Minotaur Berserker on Oct 18, 2017.
             Was an Elder of Trog.
             Slain by a worker ant (7 damage)
             ... on level 4 of the Dungeon.
             The game lasted 00:10:15 (2559 turns).

Spoonicorn the Chopper (Minotaur Berserker)         Turns: 2559, Time: 00:10:16

Health: -5/61      AC: 11    Str: 22    XL:     7   Next: 1%
Magic:  6/6        EV:  9    Int:  5    God:    Trog [****..]
Gold:   160        SH:  0    Dex: 10    Spells: 6/6 levels left

rFire    + . .     SeeInvis .   (no weapon)
rCold    . . .     Gourm    .   (no shield)
rNeg     . . .     Faith    .   u - +2 chain mail {rF+}
rPois    .         Spirit   .   (helmet restricted)
rElec    .         Reflect  .   (no cloak)
rCorr    .         Harm     +   (no gloves)
MR       .....                  (no boots)
Stlth    ..........             k - amulet of harm
HPRegen  0.20/turn              s - ring of flight
MPRegen  0.10/turn              (no ring)

@: berserk cooldown, slowed, very slow
A: retaliatory headbutt, horns 2
a: Berserk, Trog's Hand, Brothers in Arms, Burn Spellbooks, Renounce Religion,
Evoke Flight


You were on level 4 of the Dungeon.
You worshipped Trog.
Trog was greatly pleased with you.
You were not hungry.

You visited 1 branch of the dungeon, and saw 4 of its levels.

You collected 160 gold pieces.

Inventory:

Hand Weapons
 p - a +0 vampiric hand axe
Armour
 b - a +0 animal skin
 g - a +0 scale mail
 u - a +2 chain mail of fire resistance (worn)
Jewellery
 k - an amulet of harm (around neck)
 s - a ring of flight (left hand)
Wands
 w - a wand of lightning (3/15)
Scrolls
 d - 2 scrolls of teleportation {unknown}
 f - a scroll of blinking {unknown}
 i - 3 scrolls of fog {unknown}
 n - 2 scrolls of remove curse {unknown}
 q - 3 scrolls of identify {unknown}
 r - a scroll of magic mapping {unknown}
Potions
 e - a potion of curing {unknown}
 h - a potion of brilliance {unknown}
 j - 2 potions of haste
 m - a potion of flight {unknown}
 o - 2 potions of ambrosia {unknown}
Comestibles
 c - a bread ration
 l - 2 royal jellies
 t - 4 chunks of flesh
 v - a meat ration
 x - 3 fruits


   Skills:
 + Level 5.5 Fighting
 + Level 7.1 Axes
 + Level 4.1 Armour
 + Level 3.7 Dodging
 + Level 0.2 Unarmed Combat


You had 6 spell levels left.
You didn't know any spells.

Dungeon Overview and Level Annotations

Branches:
Dungeon (4/15)
 Temple: D:4-7

Altars:
Qazlal
Wu Jian
Xom


Innate Abilities, Weirdness & Mutations

You reflexively headbutt those who attack you in melee.
You have a pair of horns on your head.


Message History

You butcher the adder corpse.
You feel your anger nearly subside.
You are no longer berserk.
You are exhausted.
You feel yourself slow down.
t - 4 chunks of flesh (gained 2)
A worker ant comes into view.
The worker ant twitches its antennae in your direction.
The orc shouts!
You hear a shout! x2 2 orc priests come into view.
You see here 7 gold pieces.
The worker ant bites you.
* * * LOW HITPOINT WARNING * * *
The worker ant bites you.
* * * LOW HITPOINT WARNING * * *
The worker ant bites you but does no damage.
The orc priest calls down the wrath of Beogh upon you.
Beogh smites you!
* * * LOW HITPOINT WARNING * * *
The worker ant bites you.
You die...

#.# #..........o.... #.#
#..............#
#####(####.$..%.....#....
#####.......##.....o...
#...#.......#..........
#...#.......#.#o.......
#...#........)......!..
#............#a.####...
#...).......##@## #..
#....###....#..# ..
####.)#####.#... ##.)<#
#.##..# ###..##..####
...... .........
..........# #..........#


You could see a worker ant, an orc priest and an orc.

Vanquished Creatures
  Grinder (D:3)
  An ogre (D:4)
  An orc wizard (D:4)
  An orc priest (D:4)
  Jessica (D:3)
  Ijyb (D:3)
  3 adders
  A shadow imp (D:4)
  2 worms
  4 dart slugs
  3 leopard geckos
  9 orcs
  2 ball pythons (D:2)
  2 giant cockroaches
  6 goblins
  4 hobgoblins
  4 jackals (D:2)
  13 kobolds
  2 quokkas (D:2)
  8 bats
  6 frilled lizards
  11 rats
86 creatures vanquished.

Notes
Turn   | Place    | Note
-------+----------+-------------------------------------------
     0 | D:1      | Spoonicorn the Minotaur Berserker began the quest for the Orb.
     0 | D:1      | Reached XP level 1. HP: 19/19 MP: 0/0
   115 | D:1      | Reached skill level 4 in Axes
   115 | D:1      | Reached XP level 2. HP: 24/27 MP: 1/1
   566 | D:1      | Reached XP level 3. HP: 33/33 MP: 2/2
   568 | D:1      | Reached ** piety under Trog
   978 | D:2      | Found a shimmering altar of Xom.
  1059 | D:2      | Reached skill level 5 in Axes
  1059 | D:2      | Reached XP level 4. HP: 29/41 MP: 3/3
  1107 | D:2      | Found a stormy altar of Qazlal.
  1437 | D:3      | Reached *** piety under Trog
  1779 | D:3      | Noticed Grinder
  1785 | D:3      | Killed Grinder
  1785 | D:3      | Reached skill level 5 in Fighting
  1785 | D:3      | Reached skill level 6 in Axes
  1785 | D:3      | Reached XP level 5. HP: 42/48 MP: 4/4
  1785 | D:3      | Reached XP level 6. HP: 50/56 MP: 5/5
  2117 | D:3      | Noticed Jessica
  2124 | D:3      | Killed Jessica
  2129 | D:3      | Noticed Ijyb
  2137 | D:3      | Killed Ijyb
  2235 | D:3      | Found an ornate altar of the Wu Jian Council.
  2542 | D:4      | Reached skill level 7 in Axes
  2543 | D:4      | Reached **** piety under Trog
  2543 | D:4      | Reached XP level 7. HP: 23/61 MP: 6/6
  2559 | D:4      | HP: 2/61 [orc priest/divine providence (10)]
  2559 | D:4      | Slain by a worker ant

Vault maps used:
D:1:      giann_bridges, minmay_pentomino_s2
D:2:      lemuel_doored_altar, tgw_xom
D:3:      minmay_wonky_spiral, lemuel_crystal_altar, uniq_jessica, uniq_ijyb,
          uniq_grinder
D:4:      first_bread, minmay_close_crescents

Skill      XL: |  1  2  3  4  5  6 |
---------------+-------------------+-----
Axes           | 4 5 6 7 |  7.1
Fighting       | 4 5 |  5.5
Armour         | 3 4 |  4.1
Dodging        | 3 |  3.7
Unarmed Combat | |  0.2

Action                   |  1- 3 |  4- 6 |  7- 9 || total
-------------------------+-------+-------+-------++-------
Melee: Hand axe          |    82 |    85 |       ||   167
       Headbutt          |    10 |    22 |       ||    32
       Unarmed           |       |     8 |       ||     8
Invok: Berserk           |     1 |     3 |       ||     4
       Burn Spellbooks   |       |     1 |       ||     1
  Use: Potion            |       |     1 |       ||     1
  Eat: Chunk             |       |     9 |       ||     9
Armor: Animal skin       |     8 |       |       ||     8
       Scale mail        |    18 |    28 |       ||    46
       Chain mail        |       |    12 |     1 ||    13
Dodge: Dodged            |    57 |    42 |       ||    99

Table legend:
 A = Spawn XP
 B = Non-spawn XP
 C = Spawn XP percentage of total XP
 D = Spawn monster count
 E = Non-spawn monster count
 F = Spawn count percentage of total count
 G = Total turns spent on level
                    A         B        C        D         E        F      G
               +---------+---------+-------+---------+---------+-------+---------
         Total |       0 |     742 |   0.0 |       0 |      86 |   0.0 |  2559
               +---------+---------+-------+---------+---------+-------+---------
           D:1 |       0 |      44 |   0.0 |       0 |      24 |   0.0 |   677
           D:2 |       0 |      76 |   0.0 |       0 |      28 |   0.0 |   740
           D:3 |       0 |     375 |   0.0 |       0 |      24 |   0.0 |  1071
           D:4 |       0 |     247 |   0.0 |       0 |      10 |   0.0 |    71
               +---------+---------+-------+---------+---------+-------+---------
